Description

Attack strategy (For Proxima Station):
Main army (8 Adepts) Shade adepts into front 3rd to distract for...
Warp-in #1 (8 Adepts + drop units) warp into main, shade to back base, shade to front 3rd next
Warp-in #2 (8 Adepts) warp into main, shade to wherever if necessary
Warp-in #3 (8 Adepts) warp into main, dance

VOD

https://www.youtube.com/watch?v=hxdYtNewI4o

Build Order

Get SALT Encoding   

  14  0:20  Pylon  
  18  1:05  Nexus  
  18  1:16  Gateway  
  19  1:25  Assimilator  
  20  1:32  Assimilator  
  21  1:44  Pylon  
  23  2:02  Cybernetics Core  
  23  2:03  Zealot  
  32  2:40  Warp Gate  
  32  2:43  Stargate  
  32  2:45  Stalker (Chrono Boost)  Push away Overlords
  36  3:00  Pylon  
  40  3:16  Adept (Chrono Boost)  
  43  3:25  Assimilator x2  
  43  3:30  Oracle (Chrono Boost)  Light harass
  48  3:38  Adept  
  50  3:40  Pylon  
  52  3:50  Gateway x2  
  52  4:00  Void Ray (Chrono Boost)  Kill Overlords
  58  4:15  Twilight Council  Cut workers around here @ ~44
  58  4:25  Robotics Facility  
  58  4:33  Nexus  3rd base
  58  4:36  Pylon  
  58  4:51  Resonating Glaives (Chrono Boost)  
  58  4:57  Adept x3  5 Adepts total
  64  5:00  Pylon  
  64  5:13  Warp Prism (Chrono Boost)  
  66  5:20  Gateway x5  
  66  5:32  Adept x3  8 Adepts total, move across map
  72  5:33  Pylon  
  72  5:51  Adept x3  Load into Prism w/Zealot & attack main w/Void Ray
  78  5:52  Probe x3 (Chrono Boost)  Resume Probe production
  82  6:26  Adept x8  Warp into main w/ Prism after 8 Adepts shade into 3rd
  84  6:48  Adept x8  Adept warp-in #2
  86  7:10  Adept x8  Adept warp-in #3 (if possible)
  86  7:34  Warp Prism  Replacement Prism (if necessary)
  88  7:40  Adept x3, Sentry x5  Warp-in at home
  104  8:04  Forge  For +1 attack
  104  8:10  Assimilator x2  Gas @ 3rd
  104  8:22  Action  Followup Sentry+Adept attack to win, or transition (Immortals,etc.)
Spawning Tool Build Advisor. Get it on Overwolf

Go to:

Details

  • Created by: Bones     
  • Published on: Mar 29, 2017
  • Modified on: Apr 06, 2017
  • Patch: 3.8.0
Show
View Real Time Build Order
Export as new Build Order

Comments (0)

There are no comments. Be the first!

Create an account to comment!